 Dungeon Crawl Stone Soup version 0.17-a0-1996-gd2c0ec8 (webtiles) character file.

1302 George the Shield-Bearer (level 8, 0/71 HPs)
             Began as a Minotaur Fighter on Oct 7, 2015.
             Was a Believer of Zin.
             Killed by divine providence
             ... invoked by an orc priest
              (16 damage)
             ... on level 5 of the Dungeon.
             The game lasted 00:11:35 (3851 turns).

George the Shield-Bearer (Minotaur Fighter)         Turns: 3851, Time: 00:11:35

Health: 0/71       AC:  7    Str: 22    XL:     8   Next: 31%
Magic:  7/9        EV: 10    Int:  6    God:    Zin [**....]
Gold:   175        SH: 12    Dex: 13    Spells: 0 memorised, 7 levels left

rFire  . . .     SeeInvis .     a - +1 long sword
rCold  + . .     Clarity  .     x - +0 scale mail (curse)
rNeg   . . .     SustAt   .     c - +1 shield
rPois  ∞         Gourm    .     (helmet restricted)
rElec  .         Spirit   .     (no cloak)
rCorr  .         Warding  .     (no gloves)
rMut   .         Stasis   .     (no boots)
MR     .....                    (no amulet)
Stlth  ..........               q - ring of protection from cold
                                m - +2 ring of evasion

@: vitalised, short of breath, very slightly contaminated, invisible (expiring),
not resistant to hostile enchantments, extremely unstealthy
A: retaliatory headbutt, horns 2
a: Donate Gold, Recite, Vitalisation, Renounce Religion


You were on level 5 of the Dungeon.
You worshipped Zin.
Zin was pleased with you.
You were not hungry.

You visited 1 branch of the dungeon, and saw 5 of its levels.
You also visited: Ossuary.

You collected 194 gold pieces.
You donated 19 gold pieces to Zin.

Inventory:

Hand Weapons
 a - a +1 long sword (weapon)
Armour
 c - a +1 shield (worn)
 x - a cursed +0 scale mail (worn)
Jewellery
 m - a +2 ring of evasion (left hand)
 q - a ring of protection from cold (right hand)
Scrolls
 h - 3 scrolls of teleportation
 E - 2 scrolls of enchant armour
 F - 2 scrolls of remove curse
Potions
 g - 2 potions of curing
 n - a potion of brilliance
 o - a potion of invisibility
 u - a potion of cure mutation
 D - a potion of resistance
 G - a potion of haste {unknown}
 H - a potion of agility {unknown}
 I - a potion of heal wounds {unknown}
Comestibles
 e - 2 bread rations
 j - 2 meat rations
 w - a beef jerky


   Skills:
 + Level 6.8 Fighting
 + Level 5.9 Long Blades
 + Level 6.6 Armour
 + Level 7.0 Shields
 + Level 3.2 Invocations


You had 7 spell levels left.
You didn't know any spells.

Dungeon Overview and Level Annotations

Branches:
Dungeon (5/15)
 Temple: D:4-7

Altars:
Nemelex Xobeh
Vehumet
Zin


Innate Abilities, Weirdness & Mutations

You reflexively headbutt those who attack you in melee.
You have a pair of horns on your head.


Message History

Use which ability?
You clear your throat and prepare to recite. "Damned, damned be the servants of Hell and..."
The orc is smitten by the wrath of Zin.
You kill the orc!
You hear an angry hiss.
The orc priest casts a cantrip, but nothing happens.
Use which ability?
Your recitation is interrupted.
You feel short of breath. Zin grants you divine stamina.
Something hits the orc.
You hit something.
Reactivating autopickup.
Your Shields skill increases to level 7!
You feel a bit more experienced.
You flicker for a moment.
The orc priest invokes the aid of Beogh against you.
Something smites you!
You die...

####### ## # #.....# ### (. .#
#.....##########.##.##.###
+.....'...@)ooo†).#.#..... ####
#.....##########..#.......
...####.............##o..#......
......................w........>
#..########.........##o...#####.
#..# ###.......##../..# #..#
##......##.#...# #..#
#...............# #.##
.................#


You could see an orc priest and 2 orcs.

Vanquished Creatures
  Pikel (D:5)
  Grinder (D:5)
  A centaur zombie (D:5)
  A crimson imp (D:5)
  2 worker ants (D:4)
  2 iguanas
  A hound (D:4)
  4 orc wizards
  The ghost of asdu the Poker, a weakling MfWr of Okawaru (D:4)
  11 mummies (Ossuary)
  9 adders
  4 oozes
  3 worms
  9 orcs
  A ball python (D:4)
  5 giant cockroaches
  8 hobgoblins
  8 jackals
  A quokka (D:2)
  5 bats
  4 giant geckos
  3 giant newts
  A gnoll skeleton (Ossuary)
  3 goblins
  2 goblin skeletons (Ossuary)
  A goblin zombie (D:5)
  4 kobolds (D:2)
  3 kobold skeletons (Ossuary)
  2 orc skeletons (Ossuary)
  6 rats
  11 rat skeletons (Ossuary)
  A rat zombie (D:5)
119 creatures vanquished.

Vanquished Creatures (others)
  A centaur skeleton (D:5)
  A shadow imp (D:5)
2 creatures vanquished.

Grand Total: 121 creatures vanquished

Notes
Turn   | Place    | Note
--------------------------------------------------------------
     0 | D:1      | George the Minotaur Fighter began the quest for the Orb.
     0 | D:1      | Reached XP level 1. HP: 19/19 MP: 0/0
   155 | D:1      | Reached skill level 4 in Shields
   155 | D:1      | Reached XP level 2. HP: 24/27 MP: 1/1
   581 | D:2      | Found a sparkling altar of Nemelex Xobeh.
   630 | D:2      | Reached XP level 3. HP: 30/33 MP: 2/2
   983 | D:2      | Reached XP level 4. HP: 32/41 MP: 3/3
  1729 | D:3      | Found a radiant altar of Vehumet.
  1863 | D:4      | Noticed asdu's ghost (weakling MfWr)
  1877 | D:4      | Reached XP level 5. HP: 36/47 MP: 4/4
  1974 | D:4      | Killed asdu's ghost
  2002 | D:4      | Reached skill level 5 in Shields
  2188 | D:4      | Reached skill level 5 in Fighting
  2299 | D:4      | Reached skill level 5 in Armour
  2299 | D:4      | Reached XP level 6. HP: 18/56 MP: 5/5
  2862 | D:4      | Found a glowing silver altar of Zin.
  2876 | D:4      | Became a worshipper of Zin the Law-Giver
  2876 | D:4      | Acquired Zin's first power
  2887 | D:5      | Entered Level 5 of the Dungeon
  2887 | D:5      | Noticed Pikel
  2924 | D:5      | Killed Pikel
  2924 | D:5      | Reached skill level 6 in Fighting
  2924 | D:5      | Reached skill level 5 in Long Blades
  2924 | D:5      | Reached XP level 7. HP: 24/63 MP: 5/7
  3130 | D:5      | Found a sand-covered staircase.
  3144 | Ossuary  | Entered an ossuary
  3379 | Ossuary  | Acquired Zin's second power
  3669 | Ossuary  | Reached XP level 8. HP: 65/71 MP: 8/8
  3799 | D:5      | Noticed Grinder
  3799 | D:5      | Paralysed by Grinder for 2 turns
  3809 | D:5      | Killed Grinder
  3851 | D:5      | Reached skill level 7 in Shields
  3851 | D:5      | Killed from afar by an orc priest

Vault maps used:
D:1:      nagdon_arrival_double_spiral, solitary_fountain
D:2:      nemelex_xobeh_ov_fountains_minmay
D:3:      lemuel_doored_altar
D:4:      zin_scriptorium
D:5:      nicolae_tso_besieged_by_evil, cheibriados_altar_1,
          gammafunk_temple_overflow_elements, minmay_temple_entry_statues,
          enter_ossuary_4, first_bread, hex_medium, grunt_decor_mini_mirrors,
          grunt_tough_drop, uniq_pikel, uniq_grinder
Ossuary:  ossuary_due_small_catacomb

Action                   |  1- 3 |  4- 6 |  7- 9 || total
-------------------------+-------+-------+-------++-------
Melee: Long sword        |    74 |   213 |   126 ||   413
Invok: Recite            |       |       |     3 ||     3
       Vitalisation      |       |       |     1 ||     1
  Use: Scroll            |       |     9 |     8 ||    17
       Potion            |       |     3 |     1 ||     4
  Eat: Chunk             |       |     7 |     3 ||    10
